Map: Alcyone LE

Players

Jpus

  • Race: Zerg Zerg
  • Spawn Location: 7:00

vibuHeart

  • Race: Zerg Zerg
  • League: Diamond
  • Spawn Location: 1:00

CBTHland

  • Race: Zerg Zerg

flyrevciozz

  • Race: Zerg Zerg

VOD

Have the link to the VOD?

Description

Time

  • Played on: Jan. 22, 2025, 8:51 a.m.
  • Length: 4:11
Show
View Real Time Build Order
Export as new Build Order

Jpus Zerg 

Build Orders: Pool First 

Get SALT Encoding   

  12  0:02  Drone  
  13  0:14  Overlord  
  13  0:18  Drone  
  14  0:33  Drone x2  
  16  0:44  Spawning Pool  
  16  0:45  Extractor  
  16  0:47  Drone  
  15  0:51  Drone  
  16  0:58  Drone  
  17  1:08  Drone  
  18  1:23  Hatchery  
  17  1:35  Queen  
  19  1:41  Drone  
  19  1:46  Metabolic Boost  
  20  1:54  Zergling x4  
  22  2:02  Overlord  
  22  2:20  Baneling Nest  
  22  2:21  Zergling x4  
  23  2:27  Zergling x2  
  24  2:37  Zergling x2  
  25  2:39  Zergling x2  
  25  2:42  Queen  
  28  2:48  Zergling x2  
  29  2:51  Zergling x2  
  29  2:54  Zergling x2  
  29  2:58  Zergling x2  
  32  3:03  Drone  
  34  3:12  Drone  
  34  3:13  Baneling x2  
  34  3:17  Zergling x4  
  36  3:21  Baneling  
  36  3:22  Baneling  
  36  3:23  Baneling  
  33  3:41  Overlord  
  30  3:53  Drone x2  
  30  3:54  Drone  
  30  3:55  Drone x3  
Show
View Real Time Build Order
Export as new Build Order

vibuHeart Zerg 

Build Orders: Hatch First 

Get SALT Encoding   

  12  0:01  Drone  
  13  0:12  Overlord  
  13  0:16  Drone  
  14  0:31  Drone x2  
  16  0:49  Hatchery  
  15  0:54  Extractor  
  14  1:07  Spawning Pool  
  14  1:11  Drone  
  14  1:15  Drone  
  15  1:20  Drone  
  15  1:25  Drone  
  17  1:58  Metabolic Boost  
  17  2:00  Queen  
  19  2:04  Queen  
  21  2:14  Zergling x2  
  21  2:15  Zergling x2  
  23  2:18  Zergling x2  
  23  2:21  Zergling x2  
  25  2:23  Zergling x2  
  26  2:37  Overlord  
  26  2:52  Zergling x4  
  28  3:05  Zergling x10  
  33  3:15  Queen  
  33  3:21  Zergling x2  
  33  3:22  Zergling x4  
  26  3:34  Spine Crawler  
  26  3:36  Zergling x4  
  17  3:51  Zergling x4  
Show
View Real Time Build Order
Export as new Build Order

CBTHland Zerg 

Build Orders:  

Get SALT Encoding   

Show
View Real Time Build Order
Export as new Build Order

flyrevciozz Zerg 

Build Orders:  

Get SALT Encoding   

Tags
 
Add a new tag
Caveats
  • Supply blocks, unpowered buildings, or Contaminate may cause inaccurate times.
  • Supply counts are checked every 10 seconds.